 Dungeon Crawl Stone Soup version 0.26-a0-466-g989023bd0d (webtiles) character file.

Game seed: 5137313008202363454

247 pk666 the Magician (level 5, 0/28 HPs)
             Began as a Deep Elf Hedge Wizard on Aug 13, 2020.
             Slain by an ice beast (2 damage)
             ... on level 2 of the Dungeon.
             The game lasted 00:06:19 (3809 turns).

pk666 the Magician (Deep Elf Hedge Wizard)          Turns: 3809, Time: 00:06:20

Health: 0/28       AC:  3    Str:  7    XL:     5   Next: 85%
Magic:  0/15       EV: 13    Int: 20    God:
Gold:   88         SH:  0    Dex: 14    Spells: 5/16 levels left

rFire    . . .     SeeInvis .   a - +0 dagger
rCold    . . .     Faith    .   (no shield)
rNeg     . . .     Spirit   .   b - +0 robe
rPois    .         Reflect  .   c - +0 hat
rElec    .         Harm     .   (no cloak)
rCorr    .                      o - +0 pair of gloves
MR       .....                  (no boots)
Stlth    ++........             (no amulet)
HPRegen  0.09/turn              (no ring)
MPRegen  0.14/turn              (no ring)

@: no status effects
A: no striking features
a: no special abilities


You were on level 2 of the Dungeon.
You visited 1 branch of the dungeon, and saw 3 of its levels.

You collected 88 gold pieces.

Inventory:

Hand Weapons
 a - a +0 dagger (weapon)
Missiles
 l - 17 poisoned darts (quivered)
Armour
 b - a +0 robe (worn)
 c - a +0 hat (worn)
 o - a +0 pair of gloves (worn)
Scrolls
 e - 3 scrolls of teleportation {unknown}
 g - a scroll of enchant armour {unknown}
 i - 5 scrolls of identify {unknown}
 j - a scroll of amnesia {unknown}
 m - 2 scrolls of remove curse {unknown}
 n - a scroll of magic mapping {unknown}
 q - a scroll of enchant weapon {unknown}
Potions
 d - a potion of lignification {unknown}
 f - a potion of curing {unknown}
 h - a potion of haste {unknown}
 k - a potion of degeneration {unknown}
 p - 2 potions of flight {unknown}
 r - a potion of magic {unknown}


   Skills:
 - Level 2.4 Dodging
 - Level 2.4 Stealth
 + Level 6.3 Spellcasting
 + Level 3.7 Conjurations
 + Level 1.8 Summonings
 - Level 2.0 Translocations
 + Level 1.2 Fire Magic
 + Level 1.1 Air Magic
 + Level 1.1 Poison Magic


You had 5 spell levels left.
You knew the following spells:

 Your Spells              Type           Power        Failure   Level
a - Magic Dart            Conj           ###.         2%          1
b - Blink                 Tloc           N/A          7%          2
c - Conjure Flame         Conj/Fire      ###.....     11%         3
d - Mephitic Cloud        Conj/Pois/Air  ##......     13%         3
e - Call Imp              Summ           ##......     7%          2

Your spell library contained the following spells:

 Spells                   Type           Power        Failure   Level
 Slow                     Hex            #.......     16%         2


Dungeon Overview and Level Annotations

Branches:
Dungeon (3/15)

Altars:
Ashenzari
Cheibriados


Message History

The ice beast is almost dead.
The ice beast closely misses you.
You hit the ice beast but do no damage.
The ice beast is almost dead.
The ice beast barely misses you.
You barely miss the ice beast.
The ice beast is almost dead.
The ice beast hits you. The ice beast freezes you!
Ouch! That really hurt!
The ice beast hits you. The ice beast freezes you!
* * * LOW HITPOINT WARNING * * *
Casting: Magic Dart (safe; 2% risk of failure)
Confirm with . or Enter, or press ? or * to list all spells.
Aiming: Magic Dart (safe; 2% risk of failure)
Press: ? - help, Shift-Dir - straight line, f/p - ice beast
Aim: an ice beast (almost dead)
The magic dart hits the ice beast but does no damage.
The ice beast is almost dead.
The ice beast hits you.
You die...

#########.##.# ##.#####......
#.†..# ##...## ####### ######
####.#.#.##### #
#.......Y..>.# # ##
#.##.#.#.###.# # .#
#.###...## #Y# # .# #.# ##.##
#.# # .# #Y# #.# #.# .#
###@####.# #.# .# #....[...#
#.# .# #.#.###### #.# .#
#.#.# #.##### .#
#.#.##########...Y.. .#
#.#............##### .#
#.>............#
.#############†.#############
........^.......#


You could see an ice beast.

Vanquished Creatures
  2 orc priests (D:3)
  Jessica (D:3)
  A worker ant zombie (D:2)
  5 adders (D:2)
  An ooze (D:3)
  3 worms (D:2)
  2 dart slugs
  A leopard gecko (D:2)
  8 orcs (D:3)
  8 bats
  3 giant cockroaches
  6 goblins
  6 hobgoblins
  12 jackals
  2 quokkas (D:2)
  2 ball pythons
  5 frilled lizards
  9 kobolds
  5 rats
82 creatures vanquished.

Notes
Turn   | Place    | Note
-------+----------+-------------------------------------------
     0 | D:1      | pk666 the Deep Elf Hedge Wizard began the quest for the
                  | Orb.
     0 | D:1      | Reached XP level 1. HP: 10/10 MP: 7/7
   243 | D:1      | Reached XP level 2. HP: 15/15 MP: 2/9
   283 | D:1      | Learned a level 2 spell: Blink
   513 | D:1      | Found a shattered altar of Ashenzari.
   794 | D:1      | Reached skill level 5 in Spellcasting
  1232 | D:2      | Reached XP level 3. HP: 12/19 MP: 5/11
  1895 | D:2      | Reached XP level 4. HP: 24/24 MP: 11/13
  2365 | D:2      | Reached skill level 6 in Spellcasting
  2374 | D:2      | Learned a level 3 spell: Conjure Flame
  2378 | D:2      | Learned a level 3 spell: Mephitic Cloud
  2381 | D:2      | Learned a level 2 spell: Call Imp
  3019 | D:3      | Reached XP level 5. HP: 28/28 MP: 9/15
  3258 | D:3      | Found a snail-covered altar of Cheibriados.
  3323 | D:3      | Reached skill level 1 in Fire Magic
  3383 | D:3      | Reached skill level 1 in Air Magic
  3646 | D:3      | Reached skill level 1 in Poison Magic
  3676 | D:3      | Noticed Jessica
  3679 | D:3      | Killed Jessica
  3709 | D:3      | Noticed an ice beast
  3809 | D:2      | Slain by an ice beast

Illustrated notes

Levels and vault maps discovered:
D:1:      dpeg_arrival_chambers_temple_mockup, layout_rooms,
          nicolae_ashenzari_panopticon
D:2:      layout_loops_ring
D:3:      layout_basic, cheibriados_altar_1, corexii_leaking_fountain,
          kennysheep_generic_room_3, uniq_jessica

Skill      XL: |  1  2  3  4  5 |
---------------+----------------+-----
Conjurations   | 2 3 |  3.7
Spellcasting   | 5 6 |  6.3
Translocations | 2 |  2.0
Fire Magic     | 1 |  1.2
Air Magic      | 1 |  1.1
Poison Magic   | 1 |  1.1
Dodging        | |  2.4
Stealth        | |  2.4
Summonings     | |  1.8

Action                   |  1- 3 |  4- 6 || total
-------------------------+-------+-------++-------
Melee: Dagger            |     8 |     3 ||    11
 Cast: Magic Dart        |   110 |   146 ||   256
       Conjure Flame     |       |     3 ||     3
       Blink             |       |     1 ||     1
Armor: Robe              |     4 |     4 ||     8
Dodge: Dodged            |    26 |    32 ||    58

Table legend: (Time is in decaauts)
 A = Elapsed time spent in this place.
 B = Non-inter-level travel time spent in this place.
 C = Inter-level travel time spent in this place.
 D = Time resting spent in this place.
 E = Time spent auto-exploring this place.
 F = Levels seen in this place.
 G = Mean time per level.
                   A        B        C        D        E       F      G
               +--------+--------+--------+--------+--------+-----+--------+
         Total |   3808 |   3719 |     89 |   1349 |   1844 |   3 | 1269.3 |
       Dungeon |   3808 |   3719 |     89 |   1349 |   1844 |   3 | 1269.3 |
               +--------+--------+--------+--------+--------+-----+--------+

Top non-repeatable levels by time:
     D:2: 1848 daAuts
     D:1: 1219 daAuts
     D:3: 741 daAuts
